 Dungeon Sprint DCSS version 0.31-a0-83-gbff143cfd1 (webtiles) character file.

Game seed: 11074090727883363565

35459 rocky1 the Warrior (level 13, 0/136 HPs)
             Began as a Minotaur Gladiator on May 23, 2023.
             Was the Champion of Cheibriados.
             Slain by a lorocyproca (15 damage)
             ... in the Dungeon (Sprint VII: "The Pits") on May 24, 2023.
             The game lasted 00:17:36 (4636 turns).

rocky1 the Warrior (Minotaur Gladiator)             Turns: 4636, Time: 00:17:37

Health: 0/136      AC: 22    Str: 40    XL:     13   Next: 47%
Magic:  0/22       EV: 25    Int: 23    God:    Cheibriados [******]
Gold:   46         SH:  0    Dex: 29    Spells: 12/12 levels left

rFire   . . .        a - +5 glaive (heavy)
rCold   . . .        (shield currently unavailable)
rNeg    . . .        H - +2 plate armour {Will+}
rPois   .            c - +0 hat
rElec   .            u - +0 cloak
rCorr   .            (no gloves)
SInv    .            (no boots)
Will    +....        (no amulet) Stlth
                     r - +3 ring of intelligence
HPRegen 0.42/turn    s - +3 ring of dexterity
MPRegen 0.18/turn

%: no teleportation
@: invisible, very slow
A: horns 2, retaliatory headbutt
a: Renounce Religion, Bend Time, Temporal Distortion, Slouch, Step From Time


You were in the Dungeon.
You worshipped Cheibriados.
Cheibriados was exalted by your worship.
You visited 1 branch You collected 46 gold pieces.

Inventory:

Hand Weapons
 a - a +5 heavy glaive (weapon)
 b - a +0 heavy arbalest
 p - a +0 heavy trident
 F - a +1 heavy broad axe
Missiles
 d - 6 throwing nets (quivered)
 e - 4 javelins
 h - 5 boomerangs
 v - a silver boomerang
Armour
 c - a +0 hat (worn)
 u - a +0 cloak (worn)
 G - a +0 buckler
 H - a +2 plate armour of willpower (worn)
Jewellery
 r - a +3 ring of intelligence (left hand)
 s - a +3 ring of dexterity (right hand)
 y - a ring of flight
 E - a ring of wizardry
Wands
 z - a wand of flame (12)
 A - a wand of polymorph (3)
Scrolls
 k - a scroll of identify
 m - 5 scrolls of amnesia
 n - a scroll of summoning
 o - a scroll of fear
 q - 4 scrolls of enchant weapon
 w - 2 scrolls of enchant armour
 x - a scroll of fog
Potions
 f - 7 potions of curing
 g - a potion of heal wounds
 i - 4 potions of magic
 j - 2 potions of berserk rage
 l - a potion of invisibility
 t - 2 potions of brilliance
 B - 2 potions of might
 C - 4 potions of mutation
 D - a potion of resistance


   Skills:
 + Level 18.4 Fighting
 - Level 14.1(18.1) Axes
 + Level 18.4(20.2) Polearms
 * Level 8.6 Ranged Weapons
 - Level 10.0 Throwing
 + Level 18.0 Armour
 + Level 16.8 Dodging
 + Level 13.7 Invocations


You had 12 spell levels left.
You didn't know any spells.
Your spell library contained the following spells:

 Spells                   Type           Power      Damage    Failure   Level
 Ensorcelled Hibernation  Hex/Ice        0%         N/A       58%         2
 Passwall                 Tmut/Erth      0%         N/A       58%         2
 Scorch                   Fire           0%         2d5       58%         2
 Inner Flame              Hex/Fire       0%         N/A       83%         3
 Swiftness                Air            0%         N/A       83%         3
 Vhi's Electric Charge    Tloc/Air       0%         N/A       83%         3
 Flame Wave               Conj/Fire      0%         2d4       99%         4
 Arcjolt                  Conj/Air       0%         1d10      100%        5
 Maxwell's Capacitive Co  Air            0%         ∞         100%        8


Dungeon Overview and Level Annotations

Branches:
Dungeon (1/1)

Altars:
Ashenzari
Cheibriados
Dithmenos
Elyvilon
Fedhas
Gozag
Hepliaklqana
Kikubaaqudgha
Makhleb
Nemelex Xobeh
Okawaru
Qazlal
Ru
Sif Muna
Trog
Uskayaw
Vehumet
Wu Jian
Xom
Yredelemnul
Zin
The Shining One
Jiyva
Lugonu


Innate Abilities, Weirdness & Mutations

You have a pair of horns on your head.
You reflexively headbutt those who attack you in melee.


Message History

The naga warrior spits poison at you. The splash of poison misses you.
The naga warrior closely misses you. The naga warrior completely misses you.
Something hits you but does no damage.
Unknown command.
You slice something!! You headbutt something.
The naga warrior roars a battlecry!
The naga warrior goes into a battle-frenzy!
The naga warrior closely misses you. You furiously retaliate!
You headbutt the naga warrior, but do no damage.
The naga warrior closely misses you. Something hits you!!
* * * LOW HITPOINT WARNING * * *
You feel your power leaking away.
Unknown command.
Unknown command.
You feel much better.
The naga warrior hits you but does no damage.
The naga warrior spits poison at you. The splash of poison misses you.
Something hits you but does no damage.
Unknown command.
You feel much better. The naga warrior spits poison at you.
The splash of poison misses you. The naga warrior closely misses you.
You furiously retaliate!
You headbutt the naga warrior! The naga warrior misses you.
Something hits you!!
* * * LOW HITPOINT WARNING * * *
Unknown command.
As you read the scroll of fear, it crumbles to dust.
You assume a fearsome visage.
The naga warrior looks frightened! x2
Something hits you.
* * * LOW HITPOINT WARNING * * *
Unknown command.
Unknown command.
You hit something but do no damage. Something closely misses you.
You miss something. Something barely misses you.
You slice something!! Something barely misses you.
You hit something but do no damage. Something hits you!
* * * LOW HITPOINT WARNING * * *
You feel your power leaking away.
You barely miss something. Your headbutt misses something. Something hits you!
You die...

#..# ...+ ...+ #''#
#''##############################
#....))..........................
#....))..........................
#..##############''##############
#..# #.@))†.# # #..# #..{).N# #
#..# #......# # #..# ###))### #
#..# ).). # #..# ..... # #).#
...N## # ...# ...# # ...# #


You could see 2 naga warriors.

Vanquished Creatures
  2 orc warlords (D)
  A minotaur (D)
  An eidolon (D)
  A merfolk javelineer (D)
  2 yaktaur captains (D)
  A hydra (D)
  A vault guard (D)
  2 great orbs of eyes (D)
  Harold (D)
  A rakshasa (D)
  A death knight (D)
  An alligator snapping turtle (D)
  An ogre mage (D)
  5 two-headed ogres (D)
  A sun demon (D)
  A deep elf knight (D)
  An iron troll (D)
  A spriggan druid (D)
  2 bog bodies (D)
  A deep troll (D)
  A deep elf zephyrmancer (D)
  10 orc knights (D)
  2 deep elf pyromancers (D)
  A manticore (D)
  A guardian serpent (D)
  An eye of devastation (D)
  A rust devil (D)
  A molten gargoyle (D)
  8 elephants (D)
  2 gargoyles (D)
  2 kobold demonologists (D)
  An unseen horror (D)
  An efreet (D)
  4 yaktaurs (D)
  A rime drake (D)
  A troll (D)
  A red devil (D)
  A tyrant leech (D)
  3 merfolk (D)
  A wind drake (D)
  2 hornets (D)
  A tarantella (D)
  A dream sheep (D)
  A spriggan (D)
  3 jumping spiders (D)
  An air elemental (D)
  2 water elementals (D)
  A wraith (D)
  A wyvern (D)
  A fire bat (D)
  A neqoxec (D)
  A redback (D)
  A steam dragon (D)
  2 wargs (D)
  An acid dragon (D)
  2 floating eyes (D)
  2 swamp drakes (D)
  A sky beast (D)
  2 ogres (D)
  A black bear (D)
  4 wolves (D)
  A phantom (D)
  A scorpion (D)
  A bullfrog (D)
  A small abomination (D)
  2 crimson imps (D)
  A jelly (D)
  A hound (D)
  An iguana (D)
  A gnoll (D)
  2 river rats (D)
  An adder (D)
  An ufetubus (D)
  An adder skeleton (D)
  A worm (D)
  4 endoplasms (D)
  A giant cockroach (D)
  A goblin (D)
  2 hobgoblins (D)
  2 jackals (D)
  A quokka (D)
  A ball python simulacrum (D)
  A jackal skeleton (D)
  3 kobolds (D)
  A quokka skeleton (D)
  A rat (D)
138 creatures vanquished.

Vanquished Creatures (others)
  A deep elf knight (D)
  A quokka skeleton (D)
2 creatures vanquished.

Grand Total: 140 creatures vanquished

Notes
Turn   | Place    | Note
-------+----------+-------------------------------------------
     0 | D        | rocky1 the Minotaur Gladiator began the quest for the Orb.
     0 | D        | Reached XP level 1. HP: 18/18 MP: 0/0
    11 | D        | Noticed a floating eye
    13 | D        | Paralysed by a floating eye for 2 turns
    15 | D        | Killed a floating eye
    16 | D        | Reached skill level 5 in Fighting
    16 | D        | Reached skill level 5 in Polearms
    16 | D        | Reached skill level 5 in Dodging
    16 | D        | Reached XP level 2. HP: 29/29 MP: 1/1
    16 | D        | Reached XP level 3. HP: 36/36 MP: 2/2
    16 | D        | Reached XP level 4. HP: 42/42 MP: 3/3
    43 | D        | Found a bloodstained altar of Trog.
    43 | D        | Found a shimmering blue altar of Sif Muna.
    43 | D        | Found a viscous altar of Jiyva.
    43 | D        | Found a hazy altar of Hepliaklqana.
    43 | D        | Found an opulent altar of Gozag.
    44 | D        | Found a glowing golden altar of the Shining One.
    44 | D        | Found a glowing silver altar of Zin.
    44 | D        | Found a basalt altar of Yredelemnul.
    44 | D        | Found a shimmering altar of Xom.
    44 | D        | Found an ornate altar of the Wu Jian Council.
    44 | D        | Found a sacrificial altar of Ru.
    44 | D        | Found a stormy altar of Qazlal.
    44 | D        | Found an iron altar of Okawaru.
    44 | D        | Found a sparkling altar of Nemelex Xobeh.
    44 | D        | Found a burning altar of Makhleb.
    44 | D        | Found a blossoming altar of Fedhas.
    44 | D        | Found a white marble altar of Elyvilon.
    44 | D        | Found a shadowy altar of Dithmenos.
    44 | D        | Found a snail-covered altar of Cheibriados.
    46 | D        | Found a radiant altar of Vehumet.
    46 | D        | Found a corrupted altar of Lugonu.
    47 | D        | Found a hide-covered altar of Uskayaw.
    47 | D        | Found an ancient bone altar of Kikubaaqudgha.
    47 | D        | Found a broken altar of Ashenzari.
    55 | D        | Became a worshipper of Cheibriados the Contemplative
    73 | D        | Reached * piety under Cheibriados
    78 | D        | Noticed a floating eye
    80 | D        | Paralysed by a floating eye for 2 turns
    88 | D        | Killed a floating eye
    89 | D        | Reached skill level 5 in Throwing
    89 | D        | Reached XP level 5. HP: 30/51 MP: 4/4
   265 | D        | Reached ** piety under Cheibriados
   269 | D        | Reached *** piety under Cheibriados
   421 | D        | Noticed a warg
   422 | D        | Noticed an ogre
   424 | D        | Killed a warg
   425 | D        | Reached XP level 6. HP: 44/61 MP: 5/5
   427 | D        | Reached **** piety under Cheibriados
   481 | D        | Noticed a fire bat
   488 | D        | Killed a fire bat
   489 | D        | Reached XP level 7. HP: 52/69 MP: 6/6
   489 | D        | Reached ***** piety under Cheibriados
   652 | D        | Reached skill level 1 in Invocations
   654 | D        | Noticed a dream sheep
   658 | D        | Killed a dream sheep
   671 | D        | Reached skill level 10 in Polearms
   673 | D        | Reached XP level 8. HP: 79/79 MP: 9/9
   673 | D        | Reached ****** piety under Cheibriados
   774 | D        | Noticed an efreet
   777 | D        | Reached skill level 10 in Fighting
   781 | D        | Killed an efreet
   782 | D        | Reached skill level 10 in Armour
   784 | D        | Reached skill level 10 in Dodging
  1055 | D        | Upgraded the game from 0.31-a0-75-g6fe912e8c5 to
                  | 0.31-a0-83-gbff143cfd1
  1063 | D        | Noticed a bog body
  1067 | D        | Reached skill level 1 in Axes
  1067 | D        | Reached skill level 5 in Invocations
  1069 | D        | Killed a bog body
  1070 | D        | Reached XP level 9. HP: 89/89 MP: 10/12
  1080 | D        | Noticed a troll
  1080 | D        | Noticed a rakshasa
  1080 | D        | Noticed an elephant
  1084 | D        | Killed a troll
  1088 | D        | Killed an elephant
  1089 | D        | Reached skill level 5 in Axes
  1094 | D        | Killed a rakshasa
  1255 | D        | Noticed a red devil
  1257 | D        | Killed a red devil
  1259 | D        | Noticed a death knight
  1261 | D        | Reached XP level 10. HP: 51/99 MP: 14/14
  1265 | D        | Killed a death knight
  1479 | D        | Noticed Harold
  1479 | D        | Noticed a deep troll
  1484 | D        | Killed Harold
  1486 | D        | Killed a deep troll
  1688 | D        | Noticed a deep elf zephyrmancer
  1689 | D        | Killed a deep elf zephyrmancer
  1694 | D        | Noticed an eidolon
  1704 | D        | Killed an eidolon
  1853 | D        | Noticed a bog body
  1853 | D        | Noticed a gargoyle
  1853 | D        | Noticed a manticore
  1856 | D        | Killed a bog body
  1856 | D        | Killed a gargoyle
  1857 | D        | Reached XP level 11. HP: 110/110 MP: 5/17
  1858 | D        | Reached skill level 10 in Axes
  1974 | D        | Paralysed by an air elemental for 1 turns
  2277 | D        | Noticed a two-headed ogre
  2283 | D        | Killed a two-headed ogre
  2284 | D        | Reached skill level 15 in Polearms
  2284 | D        | Reached skill level 10 in Invocations
  2483 | D        | Noticed a great orb of eyes
  2483 | D        | Noticed a deep elf pyromancer
  2487 | D        | Killed a deep elf pyromancer
  2492 | D        | Killed a great orb of eyes
  2493 | D        | Reached skill level 15 in Fighting
  2810 | D        | Noticed a merfolk javelineer
  2818 | D        | Killed a merfolk javelineer
  2819 | D        | Reached skill level 15 in Armour
  3206 | D        | Noticed an ogre mage
  3206 | D        | Noticed a two-headed ogre
  3206 | D        | Noticed a two-headed ogre
  3206 | D        | Noticed a two-headed ogre
  3206 | D        | Noticed a deep elf pyromancer
  3206 | D        | Noticed a yaktaur captain
  3209 | D        | Killed a deep elf pyromancer
  3209 | D        | Killed an ogre mage
  3209 | D        | Killed a two-headed ogre
  3209 | D        | Killed a two-headed ogre
  3210 | D        | Reached XP level 12. HP: 59/122 MP: 3/19
  3213 | D        | Killed a two-headed ogre
  3216 | D        | Killed a yaktaur captain
  3494 | D        | Got the +5 robe of Tortured Surprise {+Inv rElec Slay+3}
  3829 | D        | Noticed an alligator snapping turtle
  3830 | D        | Noticed a great orb of eyes
  3847 | D        | Reached skill level 15 in Dodging
  3848 | D        | Killed a great orb of eyes
  3870 | D        | Killed an alligator snapping turtle
  3884 | D        | Noticed a two-headed ogre
  3887 | D        | Killed a two-headed ogre
  3916 | D        | Noticed an eight-headed hydra
  3921 | D        | Killed an eight-headed hydra
  3960 | D        | Identified the staff of fire "Fegomug" {rF+ Dex+6}
  3967 | D        | Reached skill level 10 in Throwing
  4304 | D        | Got the Encyclopedia of Execration and the Pyre
  4588 | D        | Noticed an orc warlord
  4589 | D        | Noticed an orc warlord
  4591 | D        | Noticed a minotaur
  4594 | D        | Reached skill level 1 in Ranged Weapons
  4596 | D        | Reached XP level 13. HP: 91/133 MP: 5/21
  4597 | D        | Reached skill level 5 in Ranged Weapons
  4597 | D        | Killed an orc warlord
  4599 | D        | Killed an orc warlord
  4600 | D        | Killed a minotaur
  4628 | D        | HP: 2/136 [something (18)]
  4636 | D        | Slain by a lorocyproca

Illustrated notes

Levels and vault maps discovered:
D:        pitsprint [storerooms_1, entrance_room_1, metal_vault_3, armoury_1,
          mini_pit_1, grid_room_1, main_hall_1, silver_pit, the_coven_3,
          the_vestibule_1, steel_vault_3, golden_pit, hallway_of_sentries,
          crystal_vault_3, iron_vault_4, final_vault]

Skill      XL: |  1  2  3  4  5  6  7  8  9 10 11 12 13 |
---------------+----------------------------------------+-----
Fighting       | 5 6 7 8 9 11 12 14 16 17 18 | 18.4
Polearms       | 5 7 8 9 10 11 12 14 16 17 18 | 18.4
Throwing       | 4 5 6 7 8 10 | 10.0
Armour         | 4 6 7 8 9 10 12 13 15 17 18 | 18.0
Dodging        | 5 6 7 8 9 10 11 13 14 16 | 16.8
Invocations    | 3 5 7 9 11 12 13 | 13.7
Axes           | 3 6 9 12 14 | 14.1
Ranged Weapons | 3 8 |  8.6

Action                     |  1- 3 |  4- 6 |  7- 9 | 10-12 | 13-15 || total
---------------------------+-------+-------+-------+-------+-------++-------
  Melee: Trident           |     3 |    32 |    43 |   151 |       ||   229
         Headbutt          |     1 |     6 |     4 |    45 |     4 ||    60
         Glaive            |       |       |       |     5 |    25 ||    30
         Punch             |       |       |       |     1 |       ||     1
   Fire: Arbalest          |       |       |       |     2 |       ||     2
 Invoke: Slouch            |       |       |     3 |    16 |     1 ||    20
    Use: Potion            |       |       |     1 |     9 |     7 ||    17
         Scroll            |       |       |       |     1 |     1 ||     2
   Stab: Confused          |       |       |       |     1 |       ||     1
 Armour: Leather armour    |       |     2 |       |       |       ||     2
         Plate armour      |       |     5 |     6 |    13 |     9 ||    33
         Chain mail        |       |       |     6 |    46 |       ||    52
  Dodge: Dodged            |       |    12 |    31 |   194 |    40 ||   277

Table legend: (Time is in decaauts)
 A = Elapsed time spent in this place.
 B = Non-inter-level travel time spent in this place.
 C = Inter-level travel time spent in this place.
 D = Time resting spent in this place.
 E = Time spent auto-exploring this place.
 F = Levels seen in this place.
 G = Mean time per level.
                   A        B        C        D        E       F      G
               +--------+--------+--------+--------+--------+-----+--------+
         Total |   5544 |   5158 |    386 |   3151 |      0 |   1 | 5544.0 |
       Dungeon |   5544 |   5158 |    386 |   3151 |      0 |   1 | 5544.0 |
               +--------+--------+--------+--------+--------+-----+--------+

Top non-repeatable levels by time:
       D: 5544 daAuts
